 Dungeon Crawl Stone Soup version 0.28-a0-726-g4a9143789a (webtiles) character file.

Game seed: 1360387663341891758

2856 KoroneIsBestGirl the Fighter (level 9, -8/82 HPs)
             Began as a Minotaur Fighter on Oct 27, 2021.
             Mangled by a catoblepas (15 damage)
             ... on level 8 of the Dungeon.
             The game lasted 00:08:31 (6889 turns).

KoroneIsBestGirl the Fighter (Minotaur Fighter)     Turns: 6889, Time: 00:08:32

Health: -8/82      AC: 11    Str: 30    XL:     9   Next: 46%
Magic:  8/8        EV: 13    Int:  5    God:
Gold:   344        SH:  5    Dex: 10    Spells: 8/8 levels left

rFire   . . .      SeeInvis .   a - +0 trident
rCold   . . .      Faith    .   c - +0 buckler
rNeg    . . .      Spirit   .   d - +0 steam dragon scales
rPois   .          Reflect  .   (helmet restricted)
rElec   .          Harm     .   C - +0 cloak
rCorr   .          Rampage  .   n - +2 pair of gloves
Will    .....                   (no boots)
Stlth   +.........              y - amulet of magic regeneration
HPRegen 0.23/turn               x - +6 ring of strength
MPRegen 0.36/turn               (no ring)

@: no status effects
A: horns 2, retaliatory headbutt
a: no special abilities


You were on level 8 of the Dungeon.
You visited 1 branch of the dungeon, and saw 8 of its levels.

You collected 344 gold pieces.

Inventory:

Hand Weapons
 a - a +0 trident (weapon)
Missiles
 j - 63 stones (quivered)
Armour
 b - a +0 scale mail
 c - a +0 buckler (worn)
 d - +0 steam dragon scales (worn)
 n - a +2 pair of gloves (worn)
 C - a +0 cloak (worn)
Jewellery
 v - a +6 ring of intelligence
 x - a +6 ring of strength (left hand)
 y - an amulet of magic regeneration (around neck)
Wands
 s - a wand of charming (3)
Scrolls
 g - 2 scrolls of noise {unknown}
 h - 4 scrolls of enchant weapon {unknown}
 i - 6 scrolls of identify {unknown}
 o - 4 scrolls of magic mapping {unknown}
 p - a scroll of torment {unknown}
 q - 3 scrolls of brand weapon {unknown}
 r - a scroll of silence {unknown}
 t - 4 scrolls of teleportation {unknown}
 D - a scroll of acquirement {unknown}
Potions
 e - 2 potions of berserk rage {unknown}
 f - 2 potions of heal wounds
 k - 3 potions of invisibility {unknown}
 l - a potion of brilliance
 m - a potion of curing
 u - a potion of lignification {unknown}
 w - 2 potions of magic {unknown}
 z - 2 potions of ambrosia {unknown}
 A - a potion of attraction {unknown}
 B - a potion of haste {unknown}


   Skills:
 + Level 8.4 Fighting
 + Level 8.0 Polearms
 - Level 7.3 Armour
 * Level 5.1 Dodging
 + Level 8.4 Shields


You had 8 spell levels left.
You didn't know any spells.
Your spell library contained the following spells:

 Spells                   Type           Power      Damage    Failure   Level
 Magic Dart               Conj           0%         1d3       47%         1
 Searing Ray              Conj           0%         2d4       63%         2
 Fulminant Prism          Conj/Hex       0%         3d6       99%         4
 Conjure Ball Lightning   Conj/Air       0%         3x3d6     100%        6
 Discord                  Hex            0%         N/A       100%        8
 Disjunction              Tloc           0%         N/A       100%        8


Dungeon Overview and Level Annotations

Branches:
Dungeon (8/15)
 Temple: D:4-7         Lair: D:8-11

Altars:
Kikubaaqudgha
Zin


Innate Abilities, Weirdness & Mutations

You have a pair of horns on your head.
You reflexively headbutt those who attack you in melee.


Message History

Press: ? - help, Dir - move target, f/p - water moccasin
Aim: a water moccasin (almost dead, petrified, about 2% to evade your +0 trident)
You reach to attack!
The helpless water moccasin fails to defend itself.
You hit the water moccasin.
The water moccasin is almost dead.
Reach: a) +0 trident
Press: ? - help, Dir - move target, f/p - water moccasin
Aim: a water moccasin (almost dead, petrified, about 2% to evade your +0 trident)
You reach to attack!
The helpless water moccasin fails to defend itself.
You impale the water moccasin!!
You kill the water moccasin!
Your Polearms skill increases to level 8!
Your Dodging skill increases to level 5!
You puncture the catoblepas! You headbutt the catoblepas.
The catoblepas is moderately wounded.
The catoblepas breathes a plume of calcifying dust at you.
The blast of calcifying dust hits you but does no damage.
Reach: a) +0 trident
Press: ? - help, Dir - move target, f - catoblepas
Aim: a catoblepas (calcifying dust, moderately wounded, about 10% to evade your +0 trident)
You hit the catoblepas. You headbutt the catoblepas!
The catoblepas is heavily wounded.
The catoblepas gores you!
Reach: a) +0 trident
Press: ? - help, Dir - move target, f/p - catoblepas
Aim: a catoblepas (calcifying dust, heavily wounded, about 10% to evade your +0 trident)
You puncture the catoblepas! You headbutt the catoblepas.
The catoblepas is severely wounded.
The catoblepas gores you!!
* * * LOW HITPOINT WARNING * * *
Reach: a) +0 trident
Press: ? - help, Dir - move target, f/p - catoblepas
Aim: a catoblepas (calcifying dust, severely wounded, about 10% to evade your +0 trident)
You hit the catoblepas but do no damage.
You headbutt the catoblepas.
The catoblepas is severely wounded.
The catoblepas gores you!
You die...

#.. .. #..# . #..# .
#..# #.##. #..# #.##.#
#§.# #.#.#.####
####.§##.# #.....#
#.....Y.## #.....#
#..##@#..###.[...#####
##.#.#.#...........
....................
.####.##.......####$
#.###§.........§
#.###..##..####.
#......Y...<....
##....#.##..#####
........##..#


You could see a catoblepas.

Vanquished Creatures
  A manticore (D:7)
  A troll (D:6)
  Grinder (D:6)
  A steam dragon (D:6)
  2 water moccasins
  3 ogres
  A sky beast (D:6)
  A phantom (D:4)
  A bullfrog (D:6)
  4 scorpions
  A howler monkey (D:7)
  3 centaur skeletons
  4 hounds
  2 jellies
  An orc priest (D:3)
  A bullfrog skeleton (D:4)
  6 iguanas
  5 orc wizards
  Robin (D:2)
  8 adders
  7 gnolls
  A howler monkey skeleton (D:5)
  8 river rats (D:5)
  2 shadow imps
  A white imp (D:7)
  A worm (D:3)
  2 dart slugs
  19 orcs
  3 bats
  9 endoplasms
  2 giant cockroaches
  12 goblins
  8 hobgoblins
  3 jackals (D:2)
  10 quokkas
  6 ball pythons
  3 frilled lizards
  5 kobolds
  21 rats
171 creatures vanquished.

Vanquished Creatures (others)
  4 fungi (D:6)
  38 plants (D:7)
42 creatures vanquished.

Grand Total: 213 creatures vanquished

Notes
Turn   | Place    | Note
-------+----------+-------------------------------------------
     0 | D:1      | KoroneIsBestGirl the Minotaur Fighter began the quest for
                  | the Orb.
     0 | D:1      | Reached XP level 1. HP: 19/19 MP: 0/0
   233 | D:1      | Reached XP level 2. HP: 27/27 MP: 1/1
   723 | D:2      | Reached XP level 3. HP: 31/33 MP: 2/2
   913 | D:2      | Noticed Robin
   942 | D:2      | Killed Robin
  1074 | D:2      | Reached XP level 4. HP: 28/41 MP: 3/3
  2022 | D:3      | Reached XP level 5. HP: 42/47 MP: 4/4
  2117 | D:3      | Reached skill level 5 in Fighting
  2256 | D:3      | Found an ancient bone altar of Kikubaaqudgha.
  2331 | D:3      | Reached skill level 5 in Shields
  2506 | D:4      | Reached skill level 5 in Armour
  2590 | D:4      | Noticed an ogre
  2595 | D:4      | Reached XP level 6. HP: 28/56 MP: 5/5
  3210 | D:4      | Reached skill level 5 in Polearms
  3210 | D:4      | Reached XP level 7. HP: 47/62 MP: 6/6
  4005 | D:5      | Entered Level 5 of the Dungeon
  4284 | D:5      | Identified the +1 quarterstaff "Yril" {freeze, rElec rC+
                  | MP+9}
  4684 | D:5      | Reached XP level 8. HP: 64/71 MP: 7/7
  5300 | D:6      | Noticed Grinder
  5315 | D:6      | Paralysed by Grinder for 6 turns
  5324 | D:6      | Paralysed by Grinder for 2 turns
  5328 | D:6      | Killed Grinder
  5517 | D:6      | Found a glowing silver altar of Zin.
  5689 | D:6      | Reached skill level 1 in Dodging
  6256 | D:7      | Reached XP level 9. HP: 21/81 MP: 8/8
  6553 | D:7      | Noticed a troll
  6554 | D:7      | Noticed a four-headed hydra
  6555 | D:7      | Noticed a manticore
  6574 | D:6      | Killed a troll
  6681 | D:8      | Noticed a catoblepas
  6794 | D:7      | Killed a manticore
  6828 | D:7      | Noticed a two-headed ogre
  6885 | D:8      | Reached skill level 5 in Dodging
  6889 | D:8      | Mangled by a catoblepas

Illustrated notes

Levels and vault maps discovered:
D:1:      minmay_arrival_four_circles, layout_basic, chequers_mini_garden
D:2:      layout_basic, uniq_robin
D:3:      layout_basic, mainiacjoe_overflow_alcove_1, minmay_misc_feat_chi,
          amcnicky_mini_corridor_feature, minmay_misc_feat_plants,
          grunt_ministairs_11
D:4:      layout_basic, chequers_serial_rivers_room_a
D:5:      lemuel_ratsnest, layout_loops_ring, lemuel_flamethrower_2
D:6:      layout_basic, mainiacjoe_overflow_boulevard, uniq_grinder
D:7:      nzn_winding_woodlands_cross [nzn_winding_woodlands_5x15_sidewinder,
          nzn_winding_woodlands_5x15_jagged,
          nzn_winding_woodlands_5x15_sawtooth,
          nzn_winding_woodlands_5x15_zeroes,
          nzn_winding_woodlands_15x15_five_gardens], layout_basic,
          minmay_temple_entry_mist
D:8:      layout_loops_ring, serial_shops, kennysheep_mini

Skill      XL: |  1  2  3  4  5  6  7  8  9 |
---------------+----------------------------+-----
Fighting       | 4 5 6 7 8 |  8.4
Shields        | 4 5 6 7 8 |  8.4
Polearms       | 3 4 5 6 7 8 |  8.0
Armour         | 4 5 6 7 |  7.3
Dodging        | 3 5 |  5.1

Action                   |  1- 3 |  4- 6 |  7- 9 || total
-------------------------+-------+-------+-------++-------
Melee: Trident           |    85 |   142 |   276 ||   503
       Headbutt          |    10 |    15 |    57 ||    82
  Use: Potion            |       |       |     4 ||     4
 Stab: Sleeping          |       |       |     1 ||     1
       Petrified         |       |       |     7 ||     7
Armor: Scale mail        |    22 |    57 |    55 ||   134
       Steam dragon scal |       |       |    25 ||    25
Dodge: Dodged            |    33 |    43 |    72 ||   148
Block: Buckler           |    26 |    25 |    36 ||    87

Table legend: (Time is in decaauts)
 A = Elapsed time spent in this place.
 B = Non-inter-level travel time spent in this place.
 C = Inter-level travel time spent in this place.
 D = Time resting spent in this place.
 E = Time spent auto-exploring this place.
 F = Levels seen in this place.
 G = Mean time per level.
                   A        B        C        D        E       F      G
               +--------+--------+--------+--------+--------+-----+--------+
         Total |   6914 |   6585 |    329 |    431 |   5063 |   8 |  864.2 |
       Dungeon |   6914 |   6585 |    329 |    431 |   5063 |   8 |  864.2 |
               +--------+--------+--------+--------+--------+-----+--------+

Top non-repeatable levels by time:
     D:3: 1256 daAuts
     D:4: 1231 daAuts
     D:5: 1099 daAuts
     D:6: 1087 daAuts
     D:2: 983 daAuts
     D:1: 609 daAuts
     D:7: 553 daAuts
     D:8: 93 daAuts
